Map: Lost and Found LE

Players

MMA - Winner!

  • Race: Terran Terran
  • Spawn Location: 7:00

FeaR

  • Race: Protoss Protoss
  • League: Master
  • Spawn Location: 1:00

Event: HomeStory Cup XVII

VOD

Have the link to the VOD?

Description

Time

  • Played on: June 29, 2018, 8:42 a.m.
  • Length: 13:45
Show
View Real Time Build Order
Export as new Build Order

MMA Terran - Winner!

Build Orders: Gas First Reaper Expand, Reaper Expand, MMM Bio, Banshee Rush 

Get SALT Encoding   

  12  0:00  SCV  
  13  0:13  SCV  
  14  0:16  Supply Depot  
  14  0:25  SCV  
  15  0:29  Refinery  
  15  0:38  SCV  
  16  0:43  Barracks  
  16  0:50  SCV  
  17  1:02  SCV  
  18  1:14  SCV  
  19  1:31  Orbital Command, Reaper  
  20  1:43  Command Center  
  20  1:53  Factory  
  20  1:56  SCV  
  21  2:01  Refinery  
  21  2:06  Barracks Reactor  
  21  2:09  SCV  
  21  2:13  Supply Depot  
  22  2:21  SCV  
  23  2:35  SCV  
  23  2:36  Starport  
  24  2:40  Widow Mine  
  24  2:43  Marine  
  24  2:44  Marine  
  27  2:47  SCV  
  29  2:56  Orbital Command  
  29  2:59  SCV  
  29  3:01  Marine  
  29  3:02  Marine  
  31  3:11  SCV  
  31  3:12  Starport Tech Lab  
  32  3:15  Cyclone  
  35  3:22  SCV  
  35  3:23  SCV  
  35  3:24  Marine  
  35  3:25  Marine  
  39  3:30  Cloaking Field  
  39  3:39  Banshee  
  39  3:40  Supply Depot  
  42  3:42  SCV  
  42  3:43  SCV  
  44  3:48  Factory Tech Lab  
  44  3:49  Supply Depot  
  44  3:53  Marine x2  
  46  4:02  SCV x2  
  48  4:07  Siege Tank  
  51  4:10  Marine  
  51  4:11  Supply Depot, Marine  
  51  4:14  SCV x2  
  55  4:25  Banshee  
  55  4:29  SCV x2  
  55  4:31  Marine x2  
  60  4:34  Supply Depot  
  62  4:45  SCV  
  62  4:46  SCV  
  62  4:48  Command Center  
  62  4:51  Marine x2, Siege Tank  
  69  4:57  Refinery  
  69  4:59  SCV x2  
  71  5:00  Refinery  
  71  5:08  Marine  
  71  5:09  Marine  
  71  5:11  Engineering Bay  
  71  5:12  SCV  
  71  5:13  Engineering Bay, SCV  
  75  5:24  SCV  
  75  5:25  SCV  
  75  5:26  Marine  
  78  5:29  Marine  
  72  5:35  Barracks  
  72  5:40  SCV x2  
  65  5:44  Marine  
  65  5:47  Marine  
  65  5:48  Siege Tank  
  61  5:51  Bunker  
  61  5:52  Missile Turret  
  61  5:53  SCV x2  
  61  5:54  Barracks  
  61  5:56  Banshee  
  65  5:57  Missile Turret  
  65  6:01  Missile Turret, Terran Infantry Weapons Level 1  
  65  6:02  Terran Infantry Armor Level 1  
  65  6:08  Orbital Command  
  65  6:09  Marine  
  65  6:10  Marine  
  64  6:22  Barracks x2  
  64  6:24  SCV  
  64  6:25  SCV  
  66  6:30  Starport  
  66  6:31  Factory Reactor  
  66  6:37  SCV  
  67  6:42  Marine x2  
  67  6:46  Stimpack  
  69  6:47  Starport Reactor  
  69  6:48  Marine  
  70  6:54  Armory  
  70  6:55  Supply Depot  
  70  6:56  Supply Depot  
  70  7:01  Combat Shields  
  70  7:02  Supply Depot  
  70  7:03  Supply Depot, Marine x3  
  70  7:06  SCV x3  
  76  7:10  Orbital Command  
  76  7:13  Barracks Reactor, Barracks Tech Lab  
  76  7:18  Widow Mine x2, Medivac  
  76  7:21  SCV x2  
  84  7:29  Marine x2, Marauder x2  
  90  7:33  SCV  
  90  7:34  SCV  
  90  7:35  Medivac x2, Marauder  
  90  7:37  SCV  
  96  7:43  Widow Mine x2  
  100  7:46  SCV x2  
  100  7:49  SCV  
  100  7:50  Marauder  
  105  7:53  Supply Depot  
  105  7:54  Supply Depot  
  105  7:55  Supply Depot  
  105  7:58  SCV  
  105  7:59  SCV  
  105  8:02  Marauder x2, Marine x4  
  105  8:05  Widow Mine x2  
  119  8:07  Supply Depot, Liberator  
  119  8:08  Liberator  
  119  8:10  Supply Depot, Liberator  
  119  8:13  SCV x2  
  119  8:14  SCV  
  122  8:22  Marauder, Marine x4  
  122  8:23  Marauder  
  139  8:34  Refinery x2, Supply Depot  
  139  8:36  Supply Depot  
  139  8:39  Terran Infantry Weapons Level 2  
  139  8:46  Supply Depot  
  139  8:48  Supply Depot  
  142  8:54  Terran Infantry Armor Level 2  
  139  9:05  Barracks  
  139  9:06  Barracks  
  139  9:07  Barracks  
  139  9:12  Marauder x3  
  144  9:18  Command Center, Liberator  
  144  9:19  Liberator  
  143  9:33  Marauder x3  
  143  9:36  Liberator  
  143  9:38  Sensor Tower  
  155  9:46  Missile Turret  
  155  9:52  Marine x4  
  159  9:54  Widow Mine, Marauder x2  
  159  9:55  Widow Mine  
  159  9:59  SCV x3  
  167  10:07  Concussive Shells  
  167  10:11  Liberator x2, SCV x3  
  167  10:21  Barracks Tech Lab x2  
  167  10:22  Barracks Reactor  
  167  10:23  SCV  
  168  10:32  Planetary Fortress  
  168  10:34  SCV x2  
  176  10:50  Ghost Academy, Starport Tech Lab  
  176  10:52  Liberator, SCV x2  
  176  10:54  Refinery  
  176  10:55  Refinery  
  178  10:57  Missile Turret  
  178  11:00  SCV  
  179  11:04  SCV  
  179  11:08  Marauder x5, Marine x6  
  189  11:35  Marauder x2  
  189  11:36  Marauder x3, Marine  
  199  11:43  Medivac  
  199  11:44  Medivac  
  197  11:56  Ghost x2  
  197  12:01  Marine x2  
  198  12:03  Marine x2  
  198  12:05  Marine  
  198  12:06  Ghost  
  198  12:08  Ghost  
  198  12:14  Command Center  
  161  12:26  Marauder x2, Marine x2  
  161  12:27  Marine x2, Marauder  
  165  12:32  Medivac x3  
  165  12:36  Marauder  
  170  12:45  Ghost  
  170  12:46  Marine x6  
  170  12:47  Ghost  
  170  12:48  Marauder x2  
  184  12:56  Command Center  
  180  13:05  Marauder  
  180  13:06  Marine x4  
  180  13:09  Marauder x2  
  188  13:14  Marauder  
  188  13:18  Marine x2, Marauder  
  194  13:24  Marine x2  
Show
View Real Time Build Order
Export as new Build Order

FeaR Protoss 

Build Orders: 1 Gate Expand, Oracle Opening 

Get SALT Encoding   

  12  0:00  Probe  
  13  0:12  Probe  
  14  0:16  Pylon  
  14  0:24  Probe  
  15  0:32  Probe  
  15  0:36  Gateway  
  15  0:40  Probe  
  16  0:49  Assimilator  
  17  0:51  Probe  
  18  1:03  Probe  
  19  1:15  Probe  
  20  1:23  Nexus  
  20  1:33  Cybernetics Core  
  20  1:37  Probe  
  21  1:42  Assimilator  
  21  1:49  Probe  
  21  1:52  Pylon  
  22  2:00  Stalker  
  22  2:01  Probe  
  23  2:10  Warp Gate  
  23  2:13  Probe  
  26  2:21  Stalker  
  26  2:25  Probe  
  27  2:35  Probe  
  30  2:37  Probe  
  31  2:47  Probe  
  31  2:49  Stargate  
  31  2:50  Probe  
  33  2:59  Probe  
  33  3:00  Stalker  
  33  3:02  Probe  
  37  3:10  Pylon  
  37  3:11  Probe  
  38  3:14  Probe  
  39  3:23  Oracle, Probe  
  39  3:26  Probe  
  41  3:31  Gateway  
  41  3:32  Gateway  
  44  3:35  Probe  
  44  3:39  Probe  
  46  3:47  Probe  
  47  3:51  Probe, Pylon  
  48  3:59  Assimilator  
  48  4:00  Oracle, Probe  
  48  4:02  Assimilator  
  52  4:03  Probe  
  53  4:12  Probe  
  53  4:14  Pylon  
  53  4:15  Probe, Stalker  
  57  4:24  Probe  
  58  4:25  Pylon  
  58  4:28  Probe  
  58  4:29  Phoenix  
  59  4:34  Shield Battery  
  59  4:38  Twilight Council  
  62  4:40  Sentry, Zealot  
  62  4:41  Zealot  
  62  4:45  Pylon  
  67  4:48  Phoenix  
  67  4:52  Shield Battery  
  69  5:01  Zealot  
  69  5:02  Zealot  
  69  5:04  Charge  
  69  5:05  Zealot  
  69  5:06  Phoenix  
  75  5:10  Pylon  
  77  5:19  Forge  
  77  5:22  Zealot  
  77  5:23  Zealot  
  81  5:28  Zealot  
  81  5:36  Protoss Ground Armor Level 1  
  73  5:46  Probe x2  
  73  5:54  Nexus, Zealot x2  
  73  5:56  Pylon  
  77  5:58  Phoenix, Probe  
  77  5:59  Probe  
  79  6:10  Probe  
  79  6:11  Probe  
  83  6:20  Gateway x2  
  83  6:22  Probe  
  83  6:23  Probe  
  85  6:27  Pylon  
  85  6:34  Probe  
  85  6:35  Probe  
  85  6:37  Zealot x2  
  91  6:43  Gateway  
  91  6:46  Gateway, Probe  
  92  6:47  Probe  
  92  6:49  Gateway  
  92  6:54  Blink  
  93  6:58  Probe  
  93  6:59  Probe  
  95  7:06  Zealot x2  
  95  7:08  Templar Archives  
  99  7:09  Zealot  
  99  7:11  Probe  
  102  7:18  Probe  
  102  7:21  Protoss Ground Armor Level 2  
  103  7:26  Probe x2  
  103  7:27  Probe, Pylon  
  102  7:30  Pylon  
  102  7:34  Probe  
  100  7:40  Pylon, Zealot x4  
  109  7:46  High Templar x4  
  109  7:48  Psionic Storm  
  120  7:58  Robotics Facility  
  117  8:05  Stalker  
  117  8:06  Stalker x3  
  125  8:18  Probe, Pylon  
  126  8:20  Probe  
  126  8:22  Probe  
  126  8:24  Zealot x4  
  136  8:27  Pylon  
  136  8:30  Pylon  
  136  8:34  Warp Prism  
  136  8:36  Nexus  
  136  8:40  Pylon  
  138  8:49  High Templar x4  
  138  8:54  Archon  
  146  8:57  Archon  
  146  9:08  Stalker x4  
  154  9:15  Gateway  
  154  9:18  Gateway  
  154  9:20  Gateway  
  154  9:22  Protoss Ground Weapons Level 1  
  154  9:31  Zealot x8  
  162  9:38  Pylon  
  170  9:42  Immortal  
  170  9:49  Probe  
  170  9:50  Probe x3  
  178  9:56  Zealot x5  
  188  10:01  Probe  
  181  10:08  Immortal  
  173  10:15  Probe x3  
  173  10:16  Probe  
  181  10:23  Stalker x5  
  181  10:27  Probe  
  184  10:33  Probe  
  185  10:36  Probe  
  186  10:44  Immortal  
  190  11:03  Protoss Ground Weapons Level 2  
  180  11:13  Immortal  
  184  11:26  Probe, Pylon  
  184  11:27  Probe, Dark Shrine  
  184  11:46  Immortal  
  178  11:51  Nexus  
  178  11:54  Pylon  
  178  12:07  Zealot x2  
  178  12:08  Zealot x7  
  176  12:20  Immortal  
  126  12:30  Probe  
  126  12:32  Stalker x2  
  126  12:33  Stalker x6  
  137  12:41  Probe  
  133  12:49  Zealot x3  
  139  12:55  Immortal  
  139  12:59  Zealot x6  
  139  13:00  Zealot x2  
  153  13:21  Dark Templar x5  
  153  13:22  Dark Templar  
  153  13:23  Dark Templar  
  153  13:24  Zealot x4  
  125  13:41  Zealot x4  
Tags
 
Add a new tag
Caveats
  • Supply blocks, unpowered buildings, or Contaminate may cause inaccurate times.
  • Supply counts are checked every 10 seconds.